Map: Proxima Station LE

Players

Snute - Winner!

  • Race: Zerg Zerg
  • Spawn Location: 7:00

Kelazhur

  • Race: Terran Terran
  • Spawn Location: 1:00

Event: WCS Valencia 2017

VOD

Have the link to the VOD?

Description

Time

  • Played on: July 15, 2017, 8:44 a.m.
  • Length: 17:31

All games in this series

Show
View Real Time Build Order
Export as new Build Order

Snute Zerg - Winner!

Build Orders: Hatch First 

Get SALT Encoding   

  12  0:00  Drone  
  13  0:12  Overlord  
  13  0:17  Drone  
  14  0:30  Drone x2  
  14  0:34  Drone  
  17  0:52  Hatchery  
  17  0:54  Drone  
  17  0:58  Drone  
  17  1:01  Extractor  
  17  1:13  Spawning Pool  
  17  1:16  Drone  
  17  1:20  Drone  
  18  1:28  Drone  
  19  1:38  Overlord  
  19  1:49  Drone  
  20  2:00  Queen, Metabolic Boost  
  22  2:03  Queen  
  22  2:05  Zergling x2  
  25  2:08  Zergling x2  
  25  2:14  Drone  
  27  2:16  Drone  
  27  2:21  Drone  
  29  2:26  Drone  
  30  2:33  Drone  
  31  2:37  Queen  
  31  2:42  Overlord  
  31  2:43  Drone  
  33  2:47  Drone  
  34  2:53  Drone  
  35  3:00  Drone  
  35  3:04  Drone  
  37  3:09  Drone x3, Overlord  
  40  3:18  Overlord  
  40  3:21  Hatchery  
  40  3:22  Drone x3  
  42  3:35  Queen x2  
  42  3:38  Zergling x6  
  42  3:41  Zergling x2  
  50  3:43  Overlord  
  50  3:44  Zergling x2  
  50  3:46  Zergling x2  
  52  3:49  Overlord  
  52  3:57  Drone x3  
  52  4:01  Zergling x2  
  56  4:06  Zergling x2  
  57  4:10  Queen  
  57  4:15  Queen, Overlord  
  57  4:16  Drone  
  62  4:21  Overlord  
  62  4:22  Drone x2  
  62  4:23  Drone  
  65  4:25  Drone  
  65  4:29  Evolution Chamber x2  
  64  4:33  Drone  
  64  4:34  Drone  
  64  4:36  Drone x2  
  64  4:38  Drone x2  
  70  4:45  Drone  
  71  4:46  Drone  
  71  4:48  Queen, Drone  
  75  4:55  Zerg Ground Armor Level 1  
  75  4:57  Overlord  
  75  4:58  Zerg Missile Weapons Level 1  
  75  4:59  Drone x2  
  77  5:05  Overlord  
  77  5:13  Roach Warren, Drone, Overlord  
  77  5:14  Drone x4  
  81  5:16  Drone  
  81  5:20  Overlord  
  82  5:21  Extractor  
  82  5:22  Extractor  
  82  5:23  Extractor x2  
  82  5:24  Overlord  
  82  5:25  Queen  
  82  5:28  Zergling x4  
  81  5:34  Extractor  
  81  5:35  Queen  
  82  5:36  Lair  
  82  5:40  Zergling x8  
  82  5:41  Zergling x2  
  82  5:42  Zergling x2  
  81  6:02  Drone x4  
  77  6:05  Drone x4  
  77  6:09  Drone  
  77  6:10  Drone x2  
  75  6:11  Drone  
  76  6:23  Roach x2  
  78  6:31  Drone x4  
  82  6:35  Drone x2  
  82  6:40  Drone  
  82  6:41  Drone  
  82  6:44  Drone  
  85  6:49  Drone x3  
  85  6:54  Roach  
  87  7:04  Drone x4  
  87  7:07  Drone x3  
  94  7:13  Drone  
  95  7:16  Glial Reconstitution  
  95  7:21  Zerg Ground Armor Level 2  
  95  7:23  Drone x2  
  96  7:34  Roach  
  96  7:35  Roach x6  
  108  7:43  Roach x3  
  110  7:56  Hatchery  
  110  7:57  Drone x5  
  112  7:58  Drone  
  112  8:03  Drone  
  112  8:05  Overlord x3  
  114  8:07  Zerg Missile Weapons Level 2  
  114  8:08  Infestation Pit  
  113  8:16  Spore Crawler  
  112  8:20  Overlord x2  
  112  8:22  Spore Crawler  
  112  8:24  Roach  
  112  8:25  Spore Crawler, Roach x2  
  116  8:34  Roach x6  
  126  8:38  Hatchery  
  126  8:40  Roach  
  128  8:56  Extractor  
  128  8:57  Extractor, Hive  
  128  8:58  Drone x2  
  128  9:00  Hydralisk Den  
  128  9:01  Drone x7  
  134  9:04  Drone  
  134  9:05  Drone x2  
  134  9:07  Queen x2  
  134  9:08  Queen  
  134  9:09  Drone x4  
  147  9:11  Drone x2  
  147  9:16  Drone x2  
  151  9:26  Spore Crawler  
  151  9:30  Spire  
  144  9:47  Muscular Augments  
  144  9:50  Drone x3  
  141  10:07  Overlord x3  
  141  10:08  Roach  
  141  10:09  Roach x11  
  165  10:14  Overlord x3  
  165  10:15  Overlord  
  163  10:25  Zerg Missile Weapons Level 3  
  158  10:29  Ravager x5  
  158  10:30  Ravager x2  
  158  10:32  Ravager x7  
  158  10:35  Viper  
  174  10:37  Roach x7  
  188  10:44  Roach  
  188  10:45  Roach x5  
  190  11:05  Viper  
  190  11:06  Viper  
  190  11:09  Roach x5  
  190  11:10  Roach  
  184  11:21  Burrow  
  184  11:23  Viper  
  183  11:34  Viper  
  186  11:40  Hatchery  
  186  11:41  Zerg Flyer Armor Level 1  
  186  11:46  Roach  
  186  11:47  Hatchery, Roach x6  
  197  11:51  Ravager  
  186  12:06  Roach  
  186  12:07  Roach x9  
  141  12:44  Roach  
  141  12:45  Roach x18  
  141  12:49  Extractor  
  162  13:04  Roach x5  
  169  13:09  Hydralisk  
  169  13:10  Hydralisk x6  
  183  13:17  Drone x4  
  183  13:18  Drone  
  186  13:21  Extractor  
  186  13:26  Drone  
  183  13:28  Zerg Ground Armor Level 3, Tunneling Claws  
  183  13:34  Extractor  
  183  13:35  Extractor  
  183  13:37  Zerg Flyer Armor Level 2  
  181  13:41  Ravager x2  
  181  13:43  Ravager  
  181  13:44  Zergling x14  
  181  13:45  Zergling x4  
  181  13:46  Hatchery  
  192  13:57  Roach x4  
  155  14:22  Roach  
  155  14:23  Roach x7  
  155  14:24  Hydralisk x7  
  155  14:28  Roach x3  
  175  14:37  Roach  
  175  14:38  Roach x3  
  177  14:42  Roach  
  173  14:52  Roach  
  173  14:53  Roach x7  
  187  15:11  Viper x3  
  196  15:15  Ravager, Zergling x2  
  196  15:16  Zergling x4  
  184  15:46  Viper  
  184  15:47  Viper  
  177  15:58  Drone x4  
  177  15:59  Drone x4  
  177  16:00  Drone  
  182  16:07  Drone x4  
  186  16:23  Pneumatized Carapace  
  186  16:24  Overseer x2  
  186  16:33  Roach  
  186  16:34  Roach x6  
  200  16:41  Extractor  
  200  16:44  Extractor  
  198  16:51  Spore Crawler  
  198  16:52  Spine Crawler  
  198  16:53  Spore Crawler  
  195  16:55  Ravager x3  
  195  16:56  Ravager  
  195  16:58  Ravager  
Show
View Real Time Build Order
Export as new Build Order

Kelazhur Terran 

Build Orders: Liberator Opening, Reaper Expand, Mech 

Get SALT Encoding   

  12  0:00  SCV  
  13  0:12  SCV  
  14  0:17  Supply Depot  
  14  0:24  SCV  
  14  0:28  Refinery  
  15  0:39  SCV  
  16  0:45  Barracks  
  16  0:51  SCV  
  17  1:03  SCV  
  18  1:15  SCV  
  19  1:32  Orbital Command, Reaper  
  20  1:43  Command Center  
  20  1:54  Factory  
  20  1:57  SCV  
  21  2:03  Refinery  
  21  2:06  Barracks Reactor  
  21  2:09  SCV  
  22  2:15  Supply Depot  
  22  2:22  SCV  
  23  2:40  SCV  
  23  2:43  Starport  
  24  2:50  Hellion x2  
  24  2:51  Marine  
  29  2:54  SCV  
  29  2:58  Orbital Command  
  30  3:06  SCV  
  30  3:11  Hellion  
  35  3:13  Hellion  
  35  3:24  Fusion Core  
  35  3:26  SCV  
  35  3:27  SCV  
  37  3:35  Viking  
  37  3:36  Barracks Tech Lab  
  37  3:38  SCV  
  37  3:39  SCV  
  41  3:44  Supply Depot  
  41  3:50  SCV  
  41  3:51  SCV  
  41  3:52  Hellion  
  45  3:59  Liberator  
  45  4:01  Supply Depot  
  45  4:04  SCV  
  45  4:06  Hellion, SCV  
  49  4:12  Advanced Ballistics  
  52  4:17  SCV  
  52  4:18  SCV  
  54  4:25  Supply Depot  
  54  4:30  SCV x2  
  56  4:36  Supply Depot  
  56  4:38  Hellion x2  
  60  4:43  SCV  
  61  4:48  SCV  
  61  4:51  Armory  
  61  4:52  Liberator  
  62  4:55  SCV  
  62  4:59  Hellion x2  
  67  5:02  SCV  
  67  5:08  SCV  
  71  5:14  SCV  
  71  5:15  Refinery x2  
  71  5:20  SCV  
  73  5:25  Hellion x2  
  77  5:30  SCV, Supply Depot  
  77  5:31  Command Center  
  78  5:40  Terran Vehicle Weapons Level 1  
  78  5:50  Supply Depot  
  78  5:52  Hellion x2, SCV x2  
  84  5:57  Liberator  
  84  5:58  Factory  
  84  5:59  Factory  
  84  6:04  SCV  
  83  6:08  SCV  
  74  6:13  Hellion x2  
  74  6:16  SCV, Barracks Tech Lab  
  82  6:20  SCV  
  83  6:28  SCV  
  83  6:30  Engineering Bay  
  83  6:32  SCV  
  85  6:35  Hellion x2  
  89  6:40  SCV  
  89  6:44  SCV  
  89  6:45  Orbital Command  
  89  6:47  Hellion x2  
  88  6:52  SCV  
  86  6:56  SCV  
  86  6:57  Hellion x2  
  86  7:00  Hellion x2  
  91  7:02  Barracks Reactor  
  91  7:04  SCV  
  86  7:08  Factory  
  86  7:09  Starport Reactor  
  86  7:10  Thor, Factory  
  92  7:17  Thor  
  92  7:19  SCV  
  97  7:25  SCV  
  97  7:28  Hellion  
  97  7:29  Hellion  
  100  7:30  SCV  
  100  7:31  SCV  
  100  7:33  Refinery  
  100  7:34  Refinery  
  100  7:36  Terran Vehicle Weapons Level 2  
  95  7:40  Liberator  
  95  7:41  SCV  
  95  7:43  SCV  
  97  7:44  SCV  
  97  7:47  Supply Depot  
  97  7:50  Hellion x2  
  102  7:53  SCV  
  102  7:55  SCV  
  102  7:56  Factory Reactor, Factory Tech Lab  
  102  7:57  SCV  
  104  7:59  Siege Tank  
  104  8:02  Liberator  
  104  8:05  SCV  
  102  8:07  SCV  
  102  8:09  Siege Tank, SCV  
  102  8:12  Missile Turret  
  107  8:14  Missile Turret  
  107  8:16  Hellion  
  107  8:17  Hellion x2, SCV  
  117  8:20  Missile Turret  
  117  8:24  Supply Depot  
  117  8:25  Supply Depot  
  117  8:26  Supply Depot  
  117  8:28  SCV x2  
  117  8:29  SCV  
  117  8:31  Siege Tank  
  125  8:34  Hellion  
  125  8:41  Supply Depot  
  125  8:42  Liberator  
  125  8:46  Hellion x3, Siege Tank, SCV  
  135  8:49  Siege Tank, Supply Depot  
  138  8:58  Hellion  
  143  9:02  Supply Depot  
  143  9:04  Siege Tank  
  143  9:06  Command Center  
  143  9:08  Missile Turret  
  143  9:09  Supply Depot  
  144  9:13  Hellion x3  
  148  9:23  Siege Tank x2  
  154  9:25  Hellion  
  154  9:28  Liberator  
  156  9:37  Siege Tank  
  159  9:44  Hellion x2  
  163  9:53  Hellion x2  
  163  9:56  Hellion  
  169  10:06  Hellion  
  171  10:07  Siege Tank  
  171  10:08  Hellion  
  171  10:09  Siege Tank  
  179  10:14  Liberator  
  179  10:18  Siege Tank  
  182  10:25  Terran Vehicle Weapons Level 3  
  182  10:29  Hellion x2  
  182  10:31  Hellion  
  188  10:42  Thor  
  194  10:54  Command Center  
  194  10:56  Sensor Tower, Command Center  
  192  11:02  Siege Tank  
  192  11:03  Siege Tank, Hellion x3  
  176  11:38  Siege Tank x2  
  176  11:39  Siege Tank, Hellion x2  
  193  11:40  Hellion x2  
  193  11:41  Planetary Fortress  
  193  11:45  Infernal Pre-Igniter  
  188  12:10  Siege Tank, Refinery x2  
  188  12:17  Hellion x3  
  194  12:24  Thor  
  187  12:31  Siege Tank  
  187  12:32  Hellion  
  187  12:35  Viking x2  
  168  12:38  Hellion x2  
  168  12:43  Siege Tank  
  142  12:44  Command Center  
  142  12:49  Orbital Command  
  142  12:50  Liberator  
  142  12:51  Liberator  
  136  12:52  Command Center  
  136  12:54  Hellion x2  
  134  12:59  Hellion x2  
  134  13:02  Terran Vehicle And Ship Armor Level 1  
  134  13:03  Siege Tank  
  141  13:08  Siege Tank  
  150  13:12  Command Center  
  150  13:13  Starport  
  150  13:15  Hellion  
  152  13:24  Planetary Fortress  
  152  13:26  Refinery, Missile Turret  
  152  13:27  Hellion x3  
  155  13:29  Refinery  
  155  13:30  Sensor Tower  
  155  13:38  Missile Turret  
  155  13:39  Missile Turret  
  155  13:41  Missile Turret  
  155  13:44  Thor, Missile Turret  
  161  13:50  Thor  
  161  13:54  Thor  
  172  14:03  Hellion x3  
  172  14:07  Liberator  
  172  14:08  Hellion  
  153  14:11  Liberator  
  119  14:24  Hellion x3  
  119  14:27  Thor  
  126  14:33  Siege Tank, Hellion  
  126  14:37  Siege Tank, Liberator  
  123  14:40  Command Center  
  125  14:45  Hellion x2  
  125  14:46  Hellion  
  125  14:49  Orbital Command  
  102  14:55  Hellion  
  102  14:57  Marine  
  108  15:05  Siege Tank  
  111  15:10  Hellion x4, Refinery  
  119  15:16  Sensor Tower  
  119  15:17  Missile Turret  
  119  15:19  Siege Tank  
  122  15:31  Siege Tank  
  122  15:35  Hellion x4  
  118  15:48  Siege Tank  
  121  15:51  Hellion  
  117  15:59  Hellion x2  
  115  16:07  Orbital Command  
  115  16:10  SCV x2  
  117  16:11  SCV  
  118  16:28  Siege Tank x2  
  124  16:44  Hellion x3  
  124  16:45  Planetary Fortress  
  130  16:55  Siege Tank  
  130  16:57  Hellion  
  130  17:00  Hellion  
Tags
 
Add a new tag
Caveats
  • Supply blocks, unpowered buildings, or Contaminate may cause inaccurate times.
  • Supply counts are checked every 10 seconds.